Map: Zona del Vuoto

Players

sveinung

  • Race: Protoss Protoss

ENDER

  • Race: Terran Terran

FirstEmpire

  • Race: Terran Terran

StarWings

  • Race: Protoss Protoss

Jhyrachy - Winner!

  • Race: Zerg Zerg
  • League: Gold

LFK - Winner!

  • Race: Zerg Zerg
  • League: Diamond

Sanino - Winner!

  • Race: Protoss Protoss

Minister - Winner!

  • Race: Terran Terran

VOD

Have the link to the VOD?

Description

Time

  • Played on: April 24, 2016, 1:23 p.m.
  • Length: 15:01
Show
View Real Time Build Order
Export as new Build Order

sveinung Protoss 

Build Orders:  

Get SALT Encoding   

  12  0:02  Probe (Chrono Boost)  
  13  0:16  Probe (Chrono Boost)  
  14  0:22  Pylon  
  14  0:26  Assimilator  
  14  0:29  Probe (Chrono Boost)  
  15  0:47  Gateway  
  15  0:49  Probe (Chrono Boost)  
  16  1:00  Probe (Chrono Boost)  
  17  1:04  Pylon  
  17  1:11  Probe (Chrono Boost)  
  18  1:19  Assimilator  
  18  1:21  Probe (Chrono Boost)  
  19  1:35  Cybernetics Core  
  19  1:39  Forge  
  19  1:42  Probe (Chrono Boost)  
  20  1:53  Probe (Chrono Boost)  
  21  2:00  Pylon  
  21  2:03  Probe (Chrono Boost)  
  22  2:12  Photon Cannon  
  22  2:16  Stalker  
  24  2:26  Stargate  
  24  2:53  Stalker  
  26  3:00  Stargate  
  26  3:06  Photon Cannon  
  26  3:21  Void Ray  
  30  3:55  Void Ray  
  34  4:06  Nexus  
  34  4:09  Pylon  
  34  4:18  Pylon  
  34  4:28  Void Ray  
  38  4:40  Photon Cannon  
  38  4:56  Void Ray  
  42  5:42  Void Ray  
  46  6:07  Nexus  
  46  6:20  Photon Cannon  
  46  6:47  Void Ray  
  46  7:03  Pylon  
  46  7:05  Pylon  
  46  7:07  Pylon  
  46  7:15  Pylon  
  46  7:18  Void Ray  
  50  7:31  Fleet Beacon  
  50  7:40  Protoss Shields Level 1  
  51  7:51  Probe (Chrono Boost)  
  51  8:00  Assimilator  
  51  8:02  Probe (Chrono Boost)  
  52  8:12  Probe (Chrono Boost)  
  49  8:23  Probe (Chrono Boost)  
  49  8:25  Void Ray  
  54  8:40  Void Ray  
  58  8:46  Probe (Chrono Boost)  
  59  8:53  Assimilator  
  59  8:56  Probe (Chrono Boost)  
  59  8:58  Protoss Air Weapons Level 1  
  60  9:07  Probe (Chrono Boost)  
  61  9:22  Twilight Council  
  61  9:25  Pylon  
  61  9:47  Tempest x2  
Show
View Real Time Build Order
Export as new Build Order

ENDER Terran 

Build Orders: MMM Bio 

Get SALT Encoding   

  12  0:02  SCV  
  13  0:14  SCV  
  14  0:22  Supply Depot  
  14  0:27  SCV  
  15  0:43  SCV  
  15  0:45  Barracks  
  15  0:49  Refinery  
  16  0:56  SCV  
  17  0:59  Refinery  
  17  1:08  SCV  
  18  1:15  Supply Depot  
  18  1:20  SCV  
  19  1:31  Marine  
  20  1:39  Factory  
  20  1:45  Orbital Command  
  20  1:50  Marine  
  21  2:18  Barracks Reactor  
  21  2:20  SCV  
  22  2:27  Supply Depot  
  22  2:31  Widow Mine  
  24  2:40  Starport  
  23  3:08  Marine x2  
  23  3:10  Factory Reactor  
  25  3:26  Engineering Bay  
  25  3:30  Engineering Bay  
  24  3:49  Hellion x2  
  28  3:55  Starport Reactor  
  28  3:59  Command Center  
  28  4:00  SCV  
  29  4:10  Hellion x2  
  29  4:13  SCV  
  29  4:14  Barracks  
  34  4:19  Marine x2  
  36  4:25  SCV  
  36  4:27  Supply Depot  
  37  4:33  Missile Turret  
  37  4:37  Marine  
  38  4:50  Missile Turret  
  38  4:53  Widow Mine  
  40  5:03  Medivac  
  42  5:09  Barracks Tech Lab  
  42  5:13  SCV  
  43  5:25  SCV  
  43  5:27  Viking  
  46  5:39  SCV  
  47  5:44  Supply Depot  
  47  5:46  Supply Depot  
  47  5:51  SCV  
  47  5:52  Stimpack  
  48  6:03  SCV  
  49  6:27  Marine x2  
  49  6:29  Widow Mine  
  49  6:30  Widow Mine  
  55  6:34  Terran Infantry Weapons Level 1, Terran Infantry Armor Level 1  
  55  6:47  Planetary Fortress  
  55  6:52  Supply Depot x2  
  55  7:01  Missile Turret x2  
  53  7:02  Missile Turret  
  53  7:11  Missile Turret  
  53  7:18  Refinery x2  
  53  7:26  SCV  
  54  7:35  Medivac  
  54  7:36  Missile Turret  
  56  7:38  SCV  
  56  7:39  Marine  
  56  7:40  Marine  
  59  7:50  SCV  
  59  7:51  Armory  
  60  7:53  Combat Shields  
  60  8:02  SCV  
  61  8:07  Marine  
  61  8:09  Starport  
  62  8:14  SCV  
  63  8:25  Marine  
  64  8:34  Hi-Sec Auto Tracking  
  64  8:35  Building Armor  
  64  8:43  Marine  
  65  8:51  Marine x2  
  67  8:58  Starport Tech Lab  
  67  9:01  Marine  
  67  9:02  Medivac x2  
  72  9:08  Marine  
  72  9:09  Marine  
  74  9:17  Raven  
  74  9:19  Marine  
  77  9:26  Marine  
  77  9:27  Marine  
  77  9:31  Terran Infantry Weapons Level 2  
  79  9:36  Marine  
  80  9:44  Marine x2  
  82  9:54  Marine  
  38  10:32  Marine x2  
  37  10:45  Marine  
  38  10:50  Marine x2, Medivac x3  
  40  11:03  Marine  
Show
View Real Time Build Order
Export as new Build Order

FirstEmpire Terran 

Build Orders:  

Get SALT Encoding   

  12  0:03  SCV  
  13  0:15  SCV  
  14  0:27  SCV  
  15  0:30  Supply Depot  
  15  0:51  SCV  
  15  0:55  Barracks  
  16  1:00  Barracks  
  16  1:03  SCV  
  17  1:15  SCV  
  17  1:16  Barracks  
  18  1:32  Refinery, SCV  
  19  1:57  Orbital Command  
  19  2:01  Marine  
  19  2:02  Refinery, Marine  
  21  2:09  Supply Depot  
  21  2:15  Engineering Bay  
  21  2:19  Marine  
  21  2:22  Marine  
  23  2:30  Marine, SCV  
  23  2:36  Factory  
  25  2:39  Marine  
  25  2:43  Marine, SCV  
  28  2:54  Marine  
  28  2:55  SCV  
  30  3:07  SCV, Supply Depot  
  31  3:19  Factory Reactor  
  31  3:22  Starport  
  31  3:29  Marine x2, SCV  
  31  3:33  Supply Depot  
  34  3:41  Missile Turret, SCV  
  35  3:53  SCV  
  36  4:05  Factory Tech Lab, SCV  
  36  4:09  Medivac  
  39  4:10  Medivac  
  39  4:15  Engineering Bay  
  39  4:17  Terran Infantry Weapons Level 1  
  41  4:25  Marine  
  41  4:26  Marine x2  
  44  4:36  Supply Depot  
  44  4:39  Medivac  
  46  4:48  Missile Turret  
  46  4:52  Marine  
  47  4:58  Marine x2, Medivac  
  51  5:14  Marine  
  52  5:28  Command Center  
  52  5:38  Marine x3  
  55  5:50  Terran Infantry Armor Level 1  
  55  5:59  Factory Reactor  
  55  6:03  Supply Depot  
  55  6:04  Supply Depot  
  55  6:21  Armory  
  55  6:25  Medivac x2  
  51  7:55  Marine  
  51  7:56  Marine x2  
  53  8:00  SCV  
  53  8:03  Medivac x2  
  53  8:04  Widow Mine x2  
  60  8:12  SCV  
  61  8:13  Marine  
  61  8:14  Marine x2  
  64  8:24  SCV  
  65  8:31  Marine x3  
  65  8:33  Widow Mine  
  69  8:36  SCV  
  69  8:40  Terran Infantry Armor Level 2, Terran Infantry Weapons Level 2  
  70  8:45  Barracks  
  70  8:48  SCV  
  70  8:49  Marine x3  
  68  9:07  Marine x3  
  63  9:14  Widow Mine  
  63  9:15  Widow Mine  
  65  9:18  Terran Ship Weapons Level 1  
  65  9:24  Marine  
  65  9:25  Marine x2, Supply Depot  
  65  9:27  Supply Depot  
  65  9:28  Factory  
  68  9:42  Marine  
  68  9:43  Widow Mine x2, Marine x2  
  75  9:53  Medivac  
  75  9:54  Medivac  
  79  10:00  Marine x3  
  79  10:04  Barracks Tech Lab  
  82  10:17  Refinery  
  82  10:18  Marine x3  
  85  10:33  Stimpack  
  85  10:34  Widow Mine x2  
  89  10:35  Drilling Claws  
  89  10:36  Marine x3  
  92  10:47  Marine  
  93  10:53  Marine  
  93  10:54  Marine x2  
  96  11:05  Marine  
  97  11:11  Marine  
  85  12:05  Marine x4  
  60  12:22  Marine  
  60  12:23  Marine x3  
  60  12:25  Widow Mine  
  60  12:26  Widow Mine  
  68  12:34  Combat Shields  
  68  12:40  Marine  
  68  12:41  Marine x3  
  72  12:48  Factory Reactor  
  72  12:54  Widow Mine x2  
  72  12:58  Marine x2  
  76  12:59  Marine x2  
  80  13:07  Missile Turret  
  73  13:16  Marine x4  
  77  13:23  Widow Mine x2  
  81  13:33  Widow Mine  
  81  13:34  Widow Mine, Marine x3  
  81  13:40  Viking  
  81  13:41  Viking  
  92  13:51  Widow Mine x2  
  96  14:02  Widow Mine x2  
  96  14:05  Missile Turret  
  96  14:06  Missile Turret  
  96  14:08  Missile Turret  
  100  14:10  Viking  
  100  14:14  Viking  
  100  14:20  Widow Mine x2  
  79  14:31  Widow Mine x2  
Show
View Real Time Build Order
Export as new Build Order

StarWings Protoss 

Build Orders:  

Get SALT Encoding   

  12  1:47  Assimilator  
  12  1:48  Assimilator  
  12  1:51  Pylon  
  12  1:59  Probe (Chrono Boost)  
  13  2:02  Pylon  
  13  2:10  Probe (Chrono Boost)  
  14  2:20  Probe (Chrono Boost)  
  15  2:23  Nexus  
  15  2:26  Gateway  
  15  2:28  Forge  
  15  2:31  Probe (Chrono Boost)  
  16  2:38  Pylon  
  16  2:41  Probe (Chrono Boost)  
  17  3:04  Photon Cannon  
  17  3:09  Photon Cannon  
  17  3:15  Photon Cannon  
  17  3:20  Photon Cannon  
  17  3:27  Probe (Chrono Boost)  
  18  3:35  Probe (Chrono Boost)  
  18  3:38  Probe (Chrono Boost)  
  20  3:46  Probe (Chrono Boost)  
  21  3:49  Probe (Chrono Boost)  
  22  3:56  Cybernetics Core, Probe (Chrono Boost)  
  23  4:07  Probe (Chrono Boost)  
  23  4:09  Pylon  
  24  4:17  Probe (Chrono Boost)  
  24  4:20  Probe (Chrono Boost)  
  26  4:27  Assimilator x2  
  26  4:28  Probe (Chrono Boost)  
  26  4:30  Probe (Chrono Boost)  
  28  4:36  Stargate  
  28  4:38  Probe (Chrono Boost)  
  28  4:42  Probe (Chrono Boost)  
  30  4:49  Probe (Chrono Boost)  
  30  4:52  Probe (Chrono Boost)  
  33  5:00  Probe (Chrono Boost)  
  33  5:02  Stargate  
  33  5:10  Probe (Chrono Boost)  
  34  5:17  Pylon  
  34  5:20  Pylon  
  34  5:21  Probe (Chrono Boost)  
  35  5:27  Void Ray  
  39  5:31  Probe (Chrono Boost)  
  40  5:39  Photon Cannon  
  40  5:42  Probe (Chrono Boost)  
  36  5:52  Probe (Chrono Boost)  
  32  6:00  Photon Cannon  
  32  6:04  Photon Cannon  
  32  6:07  Photon Cannon  
  32  6:09  Photon Cannon  
  32  6:14  Photon Cannon  
  32  6:16  Probe (Chrono Boost)  
  32  6:26  Probe (Chrono Boost)  
  31  6:37  Probe (Chrono Boost)  
  32  6:59  Void Ray x2  
  40  7:02  Probe (Chrono Boost)  
  41  7:12  Stargate, Probe (Chrono Boost)  
  41  7:13  Stargate  
  42  7:21  Pylon  
  42  7:23  Probe (Chrono Boost)  
  42  7:24  Protoss Air Weapons Level 1  
  43  7:31  Cybernetics Core  
  43  7:33  Probe (Chrono Boost)  
  44  7:44  Probe (Chrono Boost)  
  45  7:54  Probe (Chrono Boost)  
  46  8:05  Probe (Chrono Boost)  
  47  8:15  Probe (Chrono Boost)  
  47  8:16  Void Ray x2  
  56  8:25  Photon Cannon  
  56  8:27  Photon Cannon  
  56  8:29  Photon Cannon  
  56  8:32  Photon Cannon  
  56  8:35  Photon Cannon  
  56  8:38  Probe (Chrono Boost)  
  57  8:49  Probe (Chrono Boost)  
  58  8:59  Probe (Chrono Boost)  
  60  9:10  Probe (Chrono Boost)  
  60  9:22  Void Ray x3  
  72  9:30  Pylon  
  72  9:32  Pylon  
  72  9:36  Nexus  
  72  9:47  Void Ray  
  76  9:57  Robotics Facility  
  76  9:59  Pylon  
  76  10:02  Pylon  
  76  10:15  Photon Cannon  
  76  10:21  Photon Cannon  
  76  10:25  Photon Cannon  
Show
View Real Time Build Order
Export as new Build Order

Jhyrachy Zerg - Winner!

Build Orders: Hatch First 

Get SALT Encoding   

  12  0:02  Drone  
  13  0:10  Drone  
  14  0:17  Overlord  
  14  0:36  Drone x2  
  14  0:37  Drone  
  17  0:57  Hatchery, Drone  
  17  1:01  Extractor  
  17  1:02  Drone  
  17  1:19  Spawning Pool, Drone  
  17  1:27  Drone  
  17  1:31  Drone  
  19  1:43  Overlord  
  19  2:06  Zergling x4  
  21  2:10  Metabolic Boost  
  21  2:11  Queen  
  21  2:13  Queen  
  25  2:17  Drone x2  
  27  2:26  Drone x2  
  29  2:33  Drone  
  30  2:47  Drone  
  30  2:48  Drone, Overlord  
  32  2:56  Queen  
  34  3:00  Drone  
  34  3:01  Drone  
  36  3:08  Evolution Chamber  
  35  3:23  Drone  
  35  3:24  Drone x6  
  42  3:31  Lair  
  42  3:37  Extractor  
  42  3:39  Extractor  
  40  3:42  Extractor  
  40  3:46  Drone x3  
  42  3:49  Drone x2  
  44  3:57  Overlord x2  
  44  4:09  Zerg Melee Weapons Level 1  
  43  4:33  Infestation Pit  
  42  4:38  Drone  
  42  4:39  Drone x4  
  42  4:43  Drone x2  
  42  4:44  Drone x3  
  52  4:49  Evolution Chamber  
  52  4:52  Burrow  
  51  5:00  Baneling Nest  
  50  5:10  Zergling x4  
  50  5:11  Zergling x8  
  56  5:32  Zerg Ground Armor Level 1  
  56  5:38  Hive  
  56  6:03  Hatchery  
  55  6:14  Zerg Melee Weapons Level 2  
  56  6:18  Zergling x2  
  56  6:19  Zergling x6  
  56  6:20  Overlord x3  
  56  6:21  Overlord  
  59  6:30  Baneling  
  59  6:31  Baneling x11  
  59  6:32  Centrifical Hooks  
  59  6:33  Hatchery  
  34  6:58  Lair  
  30  7:07  Drone  
  30  7:08  Drone x4  
  34  7:19  Zergling x2  
  34  7:20  Zergling x12  
  37  8:04  Zergling x2  
  37  8:05  Zergling x6  
  17  8:37  Zergling x2  
  17  8:38  Zergling x8  
  22  8:53  Lair  
  20  9:24  Drone  
  20  9:25  Drone x2  
  23  9:34  Hatchery  
  22  9:52  Hive  
  22  9:58  Hatchery  
  22  9:59  Drone x2  
  23  10:00  Overlord  
  23  10:04  Hatchery  
  21  10:13  Zerg Ground Armor Level 2  
  21  10:19  Drone x2  
  23  10:51  Drone x6  
  29  11:13  Ultralisk Cavern  
  29  11:17  Queen  
  32  11:19  Queen  
  29  11:33  Ultralisk Cavern  
  29  11:36  Zerg Melee Weapons Level 3  
  18  11:52  Queen  
  16  12:21  Drone x5  
  21  12:50  Hatchery  
  20  12:51  Chitinous Plating  
  20  13:05  Ultralisk  
  26  13:18  Ultralisk  
  32  13:32  Drone  
  32  13:33  Drone x2  
  35  14:12  Drone x2  
  35  14:13  Drone x3  
  35  14:15  Drone x4  
Show
View Real Time Build Order
Export as new Build Order

LFK Zerg - Winner!

Build Orders: Pool First 

Get SALT Encoding   

  12  0:01  Drone  
  13  0:12  Overlord  
  13  0:17  Drone  
  14  0:31  Drone x2  
  14  0:35  Drone  
  17  0:48  Spawning Pool  
  17  0:49  Extractor  
  15  0:51  Drone  
  15  0:56  Drone  
  17  1:19  Hatchery  
  17  1:23  Drone  
  17  1:29  Drone x2  
  19  1:38  Queen  
  21  1:45  Overlord  
  21  1:50  Zergling x2  
  22  2:04  Drone  
  23  2:08  Metabolic Boost  
  23  2:14  Queen  
  25  2:19  Overlord  
  25  2:33  Queen  
  25  2:34  Drone x2  
  25  2:35  Drone  
  30  2:50  Drone x4  
  33  3:08  Drone x4  
  33  3:12  Evolution Chamber  
  36  3:15  Roach Warren  
  35  3:20  Spore Crawler  
  34  3:34  Drone x3  
  34  3:35  Drone x2  
  39  3:42  Zerg Melee Weapons Level 1  
  39  3:44  Zergling x2  
  39  3:45  Zergling x6  
  43  3:54  Overlord  
  43  3:55  Overlord  
  43  3:56  Overlord  
  43  4:01  Lair  
  43  4:13  Roach  
  43  4:14  Roach  
  47  4:35  Zergling x8, Roach  
  47  4:36  Zergling x8  
  57  4:40  Extractor  
  57  4:42  Extractor  
  57  4:44  Extractor  
  54  4:46  Roach  
  54  4:47  Zergling x6  
  54  4:48  Zergling x2  
  60  5:06  Hatchery  
  58  5:09  Spore Crawler  
  58  5:10  Spore Crawler  
  54  5:21  Drone  
  54  5:22  Drone x5  
  59  5:29  Queen x2  
  60  5:38  Drone x6  
  55  6:01  Zerg Missile Weapons Level 1  
  54  6:05  Overlord x2  
  54  6:07  Hydralisk Den  
  53  6:22  Drone  
  53  6:23  Drone x3  
  57  6:38  Queen x2  
  57  6:39  Queen  
  63  6:51  Hydralisk x5, Muscular Augments  
  73  6:57  Overlord x2  
  73  7:14  Overlord x2  
  73  7:33  Hydralisk x9  
  91  7:49  Drone  
  91  7:50  Drone x7  
  99  7:58  Overseer  
  99  8:01  Drone  
  99  8:02  Drone x5  
  105  8:30  Overlord x8  
  105  8:32  Zerg Ground Armor Level 1  
  105  9:22  Roach x10  
  105  9:23  Roach x10  
  145  9:30  Evolution Chamber  
  144  9:46  Spire x2  
  142  9:53  Roach  
  142  9:54  Roach x8  
  160  10:05  Hydralisk x4  
  160  10:06  Zergling x2  
  169  10:07  Zergling x2  
  137  10:39  Drone x4  
  137  10:40  Overlord x3  
  133  10:49  Roach x3  
  135  11:02  Hydralisk  
  135  11:03  Hydralisk x4  
  144  11:09  Zerg Flyer Armor Level 1, Zerg Flyer Weapons Level 1  
  129  11:36  Hydralisk  
  129  11:37  Hydralisk x8  
  121  11:55  Zergling x2  
  121  11:56  Zergling x16  
  116  12:19  Zergling x2  
  116  12:20  Zergling x16  
  125  12:24  Zerg Ground Armor Level 2  
  125  12:25  Zerg Missile Weapons Level 2  
  125  12:35  Roach x5  
  125  12:36  Roach x5  
  145  12:57  Zergling x2  
  145  12:58  Zergling x28  
  160  13:19  Hydralisk  
  160  13:20  Hydralisk x4  
  170  13:30  Extractor x2  
  170  13:34  Hatchery  
  167  13:35  Zergling x20  
  177  13:43  Infestation Pit  
  177  13:47  Hatchery  
  175  14:33  Zergling x2  
  175  14:34  Zergling x20  
  186  14:41  Overlord x4  
  183  14:48  Extractor  
  183  14:51  Extractor  
Show
View Real Time Build Order
Export as new Build Order

Sanino Protoss - Winner!

Build Orders:  

Get SALT Encoding   

  12  0:03  Probe (Chrono Boost)  
  13  0:20  Pylon  
  13  0:41  Gateway  
  13  0:52  Forge  
  13  1:01  Pylon  
  13  1:07  Assimilator  
  13  1:10  Probe (Chrono Boost)  
  14  1:13  Assimilator  
  14  1:50  Nexus  
  14  1:58  Pylon  
  14  1:59  Assimilator  
  14  2:07  Assimilator  
  14  2:28  Cybernetics Core  
  14  2:37  Probe (Chrono Boost)  
  15  2:48  Probe (Chrono Boost)  
  16  2:58  Probe (Chrono Boost)  
  16  3:05  Probe (Chrono Boost)  
  18  3:09  Probe (Chrono Boost)  
  19  3:16  Probe (Chrono Boost)  
  21  3:20  Probe (Chrono Boost)  
  21  3:26  Probe (Chrono Boost)  
  22  3:30  Probe (Chrono Boost)  
  23  3:37  Probe (Chrono Boost)  
  23  3:39  Stargate  
  24  3:41  Pylon  
  24  3:47  Probe (Chrono Boost)  
  25  3:58  Probe (Chrono Boost)  
  26  4:08  Probe (Chrono Boost)  
  26  4:09  Stargate  
  27  4:13  Stargate  
  27  4:17  Pylon  
  27  4:19  Probe (Chrono Boost)  
  28  4:29  Probe (Chrono Boost)  
  29  4:40  Probe (Chrono Boost)  
  30  4:49  Probe (Chrono Boost)  
  30  4:50  Probe (Chrono Boost)  
  32  4:56  Void Ray (Chrono Boost)  
  37  5:00  Probe (Chrono Boost)  
  37  5:01  Probe (Chrono Boost)  
  37  5:06  Void Ray (Chrono Boost)  
  42  5:10  Probe x2  
  44  5:22  Probe  
  49  5:31  Void Ray (Chrono Boost)  
  49  5:34  Probe  
  50  5:45  Void Ray (Chrono Boost)  
  50  5:47  Probe  
  55  6:01  Pylon  
  55  6:03  Pylon  
  55  6:04  Pylon  
  55  6:05  Pylon  
  55  6:06  Pylon  
  55  6:07  Pylon  
  55  6:25  Void Ray (Chrono Boost)  
  63  6:31  Void Ray (Chrono Boost)  
  63  7:04  Void Ray (Chrono Boost)  
  63  7:05  Void Ray (Chrono Boost)  
  75  7:14  Void Ray (Chrono Boost)  
  75  7:18  Protoss Air Weapons Level 1  
  75  7:42  Void Ray x2 (Chrono Boost)  
  83  8:07  Probe  
  83  8:08  Nexus  
  83  8:12  Assimilator  
  88  8:13  Assimilator  
  88  8:17  Void Ray (Chrono Boost)  
  88  8:19  Probe  
  89  8:31  Probe  
  90  8:39  Void Ray (Chrono Boost)  
  90  8:40  Void Ray (Chrono Boost)  
  98  8:43  Probe  
  99  8:52  Pylon  
  99  8:54  Pylon  
  103  8:55  Probe  
  103  8:56  Pylon  
  103  8:58  Pylon  
  103  8:59  Pylon  
  103  9:00  Void Ray (Chrono Boost)  
  104  9:13  Protoss Air Armor Level 1  
  104  9:27  Void Ray x2 (Chrono Boost)  
  104  9:29  Probe  
  117  9:40  Probe  
  117  9:43  Void Ray (Chrono Boost)  
  117  9:44  Pylon  
  118  9:50  Probe  
  119  10:12  Void Ray x2 (Chrono Boost)  
  131  10:26  Void Ray (Chrono Boost)  
  127  10:49  Void Ray (Chrono Boost)  
  119  11:00  Void Ray (Chrono Boost)  
  127  11:08  Void Ray (Chrono Boost)  
  127  11:27  Void Ray (Chrono Boost)  
  131  11:37  Void Ray (Chrono Boost)  
  139  11:51  Void Ray (Chrono Boost)  
  139  12:28  Void Ray x2 (Chrono Boost)  
  151  12:34  Void Ray (Chrono Boost)  
  159  13:05  Void Ray (Chrono Boost)  
  159  13:06  Void Ray (Chrono Boost)  
  163  13:17  Void Ray (Chrono Boost)  
  163  13:43  Void Ray x2 (Chrono Boost)  
  175  14:00  Void Ray (Chrono Boost)  
  119  14:13  Robotics Facility  
  119  14:20  Void Ray x2 (Chrono Boost)  
  83  14:26  Probe  
  84  14:37  Probe  
  89  14:48  Probe  
Show
View Real Time Build Order
Export as new Build Order

Minister Terran - Winner!

Build Orders: MMM Bio 

Get SALT Encoding   

  12  0:04  SCV  
  13  0:16  SCV  
  14  0:28  Supply Depot, SCV  
  15  0:31  Refinery  
  15  0:49  SCV  
  16  0:51  Barracks  
  16  1:02  Barracks  
  16  1:03  SCV  
  17  1:16  SCV  
  18  1:28  SCV  
  19  1:43  Marine, Factory  
  20  1:47  SCV  
  20  1:50  Supply Depot  
  20  1:51  Marine  
  22  2:03  SCV  
  23  2:12  Marine  
  23  2:14  Marine  
  25  2:19  SCV  
  25  2:20  Refinery  
  26  2:27  Factory Tech Lab  
  26  2:29  Supply Depot  
  26  2:46  Siege Tank  
  29  2:57  Command Center  
  29  3:01  Barracks Tech Lab  
  29  3:06  Barracks Reactor  
  29  3:15  SCV  
  30  3:20  Engineering Bay  
  31  3:27  SCV  
  31  3:30  Siege Tank  
  34  3:40  Orbital Command  
  34  3:54  Missile Turret  
  34  4:03  Siege Tank  
  37  4:14  Refinery  
  37  4:22  Planetary Fortress  
  37  4:38  Supply Depot  
  37  4:46  Combat Shields  
  37  4:48  Marine x2  
  37  4:49  Marine  
  40  4:58  SCV  
  41  5:01  Supply Depot  
  41  5:06  Marine x2  
  43  5:08  Terran Infantry Weapons Level 1  
  43  5:11  SCV  
  44  5:23  SCV, Supply Depot  
  44  5:27  Refinery  
  45  5:35  SCV  
  46  5:45  Armory  
  46  5:47  SCV  
  47  5:51  Factory  
  47  5:59  SCV  
  48  6:05  Stimpack  
  48  6:11  SCV  
  49  6:18  Missile Turret  
  49  6:23  SCV  
  50  6:34  Supply Depot  
  50  6:35  SCV  
  50  6:39  Missile Turret, Starport  
  51  6:47  SCV  
  51  6:52  Terran Vehicle Weapons Level 1  
  51  6:53  Factory Tech Lab  
  52  6:56  Supply Depot  
  52  6:59  SCV  
  52  7:00  Missile Turret  
  53  7:02  Hi-Sec Auto Tracking  
  53  7:18  Thor  
  53  7:21  Medivac  
  61  7:27  Supply Depot  
  61  7:34  SCV  
  62  7:45  Thor  
  62  7:46  SCV  
  62  7:49  Supply Depot  
  69  7:57  Medivac  
  71  8:06  Concussive Shells  
  71  8:12  Thor  
  77  8:15  Factory  
  77  8:24  Terran Infantry Armor Level 1  
  77  8:37  Marine x3  
  80  8:46  Terran Vehicle And Ship Armor Level 1  
  80  8:54  Marine  
  81  8:56  Thor  
  81  9:01  Barracks  
  87  9:07  Factory Tech Lab  
  87  9:11  Thor  
  93  9:22  Medivac  
  95  9:34  Thor  
  95  9:36  Marine x3  
  104  9:49  Barracks Reactor  
  104  9:54  Marine x2  
  104  9:57  Thor  
  112  10:31  Thor  
  112  10:32  Thor  
  123  10:49  Thor  
  120  10:51  Marine x2  
  120  10:52  Marine x3  
  127  11:40  Thor x2  
  127  11:41  Marine  
  127  11:42  Marine x2  
  142  12:28  Terran Vehicle Weapons Level 2  
  142  12:29  Terran Infantry Weapons Level 2  
  142  12:45  Supply Depot  
  142  12:51  Marauder, Marine x4  
  148  12:53  Thor  
  154  13:07  Thor  
  154  13:08  Marine  
  163  13:13  Marauder  
  161  13:34  Marauder  
  163  13:55  Marauder  
Tags
 
Add a new tag
Caveats
  • Supply blocks, unpowered buildings, or Contaminate may cause inaccurate times.
  • Supply counts are checked every 10 seconds.